 Dungeon Crawl Stone Soup version 0.17-a0-484-g0e03f6a (console) character file.

499 MrRokkomies the Skirmisher (level 7, -2/39 HPs)
             Began as a Vine Stalker Berserker on Apr 10, 2015.
             Was a Priest of Trog.
             Slain by Menkaure (5 damage)
             ... on level 5 of the Dungeon.
             The game lasted 00:13:02 (3442 turns).

MrRokkomies the Skirmisher (Vine Stalker Berserker) Turns: 3442, Time: 00:13:02

Health: -2/39      AC:  9    Str: 24    XL:     7   Next: 16%
Magic:  0/8        EV: 12    Int:  9    God:    Trog [***...]
Gold:   197        SH:  0    Dex: 14    Spells: 0 memorised, 6 levels left

rFire  . . .     SeeInvis .     a - +0 mace
rCold  . . .     Clarity  .     i - +2 leather armour {rPois}
rNeg   . . .     SustAb   .     (no shield)
rPois  +         Gourm    .     r - +1 helmet
rElec  .         Spirit   +     (no cloak)
rCorr  .         Warding  .     s - +0 pair of gloves
rMut   .         Stasis   .     (no boots)
MR     .....                    (no amulet)
Stlth  +.........               (no ring)
                                (no ring)

@: mighty, not resistant to hostile enchantments, very unstealthy
A: fangs 2, regeneration 2, shaggy fur 1, magic shield, antimagic bite, no
device heal 3, rot immunity
a: Burn Spellbooks, Berserk, Trog's Hand, Renounce Religion


You were on level 5 of the Dungeon.
You worshipped Trog.
Trog was most pleased with you.
You were not hungry.

You visited 1 branch of the dungeon, and saw 5 of its levels.

You collected 197 gold pieces.

Inventory:

Hand weapons
 a - a +0 mace (weapon)
 b - a +0 blowgun
Missiles
 g - 44 stones
 j - 7 tomahawks (quivered)
 l - 7 poisoned needles
Armour
 i - a +2 leather armour of poison resistance (worn)
 m - a +3 ring mail of positive energy
 r - a +1 helmet (worn)
 s - a +0 pair of gloves (worn)
Magical devices
 n - a wand of confusion (24)
 o - a wand of fire (11)
Scrolls
 e - 3 scrolls of identify
 k - 3 scrolls of teleportation
 u - 2 scrolls of remove curse
 v - 2 scrolls of enchant armour
Potions
 h - 2 potions of cure mutation
 t - a potion of restore abilities
Comestibles
 c - 2 bread rations
 d - 2 beef jerkies
 f - 4 meat rations


   Skills:
 * Level 5.5 Fighting
 * Level 5.3 Maces & Flails
 - Level 1.5 Armour
 - Level 1.5 Dodging


You had 6 spell levels left.
You didn't know any spells.

Dungeon Overview and Level Annotations

Branches:
Dungeon (5/15)             Temple (0/1) D:4

Altars:
Elyvilon
Qazlal

Annotations:
D:5 Menkaure


Innate Abilities, Weirdness & Mutations

You have extremely sharp teeth.
You heal very quickly.
You are covered in fur (AC +1).
When hurt, damage is shared between your health and your magic reserves.
Your bite disrupts and absorbs the magic of your enemies.
Potions and wands cannot restore your health.
You are immune to rotting.


Message History

Menkaure is moderately damaged.
Menkaure barely misses you.
You hit Menkaure. Your bite misses Menkaure.
Menkaure is heavily damaged.
Menkaure hits you!!
* * * LOW HITPOINT WARNING * * *
Menkaure breathes soot at you. Menkaure hits you.
* * * LOW HITPOINT WARNING * * *
You barely miss Menkaure. Your bite misses Menkaure.
Menkaure is heavily damaged.
Menkaure closely misses you.
Drink which item? (? for menu, Esc to quit)
You feel very mighty all of a sudden. Menkaure hits you but does no damage.
You completely miss Menkaure. You bite Menkaure!
Menkaure's magic leaks into the air.
You drain his magic.
You feel invigorated.
Menkaure is almost destroyed.
Menkaure hits you!
You die...

#.# #.####....###.# #.#
#.# #.##.......##.#####.#
#.# #.##.#..............#
#.####.##.#...####.#######
#.....<......(# #.#
###########.#.####.#
#........# ###.###### #.#
#.# #@# #...M....#
#.###.##.# #.# # ... ...
... .#.## #.#


You could see Menkaure.

Vanquished Creatures
  Eustachio (D:4)
  2 hounds
  A crimson imp (D:5)
  An orc priest (D:5)
  2 orc wizards (D:5)
  Ijyb (D:2)
  Robin (D:4)
  4 adders
  2 worms
  2 giant geckos
  An ooze (D:2)
  2 orcs (D:5)
  11 bats
  2 bat skeletons (D:4)
  2 giant cockroaches
  12 hobgoblins
  2 jackals (D:4)
  2 quokkas (D:2)
  3 giant newts
  14 goblins
  12 kobolds
  11 rats
91 creatures vanquished.

Notes
Turn   | Place    | Note
--------------------------------------------------------------
     0 | D:1      | MrRokkomies, the Vine Stalker Berserker, began the quest for the Orb.
     0 | D:1      | Reached XP level 1. HP: 11/11 MP: 2/2
    88 | D:1      | Reached skill level 3 in Fighting
    89 | D:1      | Reached XP level 2. HP: 13/16 MP: 3/3
   419 | D:1      | Acquired Trog's second power
   693 | D:1      | Reached XP level 3. HP: 20/20 MP: 4/4
   983 | D:2      | Noticed Ijyb
   999 | D:2      | Killed Ijyb
   999 | D:2      | Reached XP level 4. HP: 25/25 MP: 1/5
  1148 | D:2      | Reached skill level 4 in Fighting
  1329 | D:3      | Found a white marble altar of Elyvilon.
  1457 | D:3      | Reached XP level 5. HP: 22/29 MP: 4/6
  2070 | D:4      | Noticed Eustachio
  2114 | D:4      | Killed Eustachio
  2114 | D:4      | Gained mutation: You heal very quickly. [Vine Stalker growth]
  2114 | D:4      | Reached XP level 6. HP: 23/35 MP: 7/7
  2240 | D:4      | Found a stormy altar of Qazlal.
  2306 | D:4      | Reached skill level 5 in Fighting
  2326 | D:4      | Noticed Robin
  2338 | D:4      | Killed Robin
  2656 | D:4      | Found a staircase to the Ecumenical Temple.
  2849 | D:4      | Noticed a water elemental
  2849 | D:4      | Noticed a fire elemental
  2849 | D:4      | Noticed an air elemental
  3099 | D:5      | Entered Level 5 of the Dungeon
  3197 | D:5      | Reached skill level 5 in Maces & Flails
  3200 | D:5      | Reached XP level 7. HP: 30/39 MP: 5/8
  3422 | D:5      | Noticed Menkaure
  3442 | D:5      | Slain by Menkaure

Action                   |  1- 3 |  4- 6 |  7- 9 || total
-------------------------+-------+-------+-------++-------
Melee: Mace              |    93 |   178 |    22 ||   293
 Fire: Blowgun           |       |     7 |       ||     7
Invok: Berserk           |     1 |     3 |       ||     4
Evoke: Wand              |       |     3 |       ||     3
  Use: Scroll            |       |    12 |     2 ||    14
       Potion            |       |     2 |     1 ||     3
 Stab: Sleeping          |     1 |       |       ||     1
       Confused          |       |     3 |       ||     3
  Eat: Chunk             |       |     9 |     2 ||    11
       Beef jerky        |       |     1 |       ||     1
